[Event "Turkish Youth Championship 2024"]
[Site "Samsun"]
[Date "2024.05.18"]
[Round "1"]
[White "Cilek, Bora"]
[Black "Kukurt, Ipek"]
[Result "1-0"]
[ECO "C28"]
[WhiteElo "2246"]
[BlackElo "1431"]
[Annotator "RC"]
[PlyCount "83"]
[EventDate "2024.05.18"]
[EventType "swiss"]
[EventCountry "TUR"]
[SourceTitle "playchess.com"]
[Source "ChessBase"]
[SourceQuality "1"]
[TimeControl "5400+30"]

1. e4 e5 2. Nc3 Nc6 3. Bc4 Bc5 4. d3 h6 5. Nge2 d6 6. O-O Nf6 7. h3 O-O 8. Kh1 Bg4 9. f3 Be6 10. Bb3 Qd7 11. Qe1 Bxh3 12. Qg3 Be6 13. Bxh6 Nh5 14. Qg5 Bxb3 15. axb3 Qe6 16. Qxh5 Qxh6 17. Qxh6 gxh6 18. Nd5 Rac8 19. g4 a6 20. Kg2 f6 21. Rh1 Kg7 22. Rh5 Rf7 23. Rah1 Rh8 24. c3 Nd8 25. Ng3 c6 26. Nf5+ Kf8 27. Rxh6 Rxh6 28. Rxh6 Kg8 29. Nxf6+ Rxf6 30. Rxf6 Nf7 31. g5 d5 32. Nh6+ Nxh6 33. Rxh6 d4 34. Kh3 Ba3 35. bxa3 dxc3 36. Kg4 c2 37. Rh1 b5 38. Kf5 c5 39. g6 a5 40. Kf6 a4 41. g7 c1=Q 42. Rh8# 1-0

[Event "Turkish Youth Championship 2024"]
[Site "Samsun"]
[Date "2024.05.18"]
[Round "1"]
[White "Yilmaz, Kerem Tuna"]
[Black "Altunay, Kerem Kaan"]
[Result "1-0"]
[ECO "C65"]
[WhiteElo "2039"]
[BlackElo "1459"]
[Annotator "RC"]
[PlyCount "22"]
[EventDate "2024.05.18"]
[EventType "swiss"]
[EventCountry "TUR"]
[SourceTitle "playchess.com"]
[Source "ChessBase"]
[SourceQuality "1"]
[TimeControl "5400+30"]

1. e4 e5 2. Nf3 Nc6 3. Bb5 Bc5 4. c3 d6 5. O-O Nf6 6. d4 exd4 7. cxd4 Bb6 8. d5 a6 9. Ba4 O-O 10. dxc6 Nxe4 11. Qd5 Nf6 1-0

[Event "Turkish Youth Championship 2024"]
[Site "Samsun"]
[Date "2024.05.18"]
[Round "1"]
[White "Atis, Hasan"]
[Black "Celebi, Tugra"]
[Result "1-0"]
[ECO "C70"]
[WhiteElo "2014"]
[BlackElo "1441"]
[Annotator "RC"]
[PlyCount "67"]
[EventDate "2024.05.18"]
[EventType "swiss"]
[EventCountry "TUR"]
[SourceTitle "playchess.com"]
[Source "ChessBase"]
[SourceQuality "1"]
[TimeControl "5400+30"]

1. e4 e5 2. Nf3 Nc6 3. Bb5 a6 4. Ba4 Bc5 5. O-O d6 6. c3 b5 7. Bb3 Bb6 8. a4 Bb7 9. d3 h6 10. Qe2 Nf6 11. Nbd2 O-O 12. Nh4 Ne7 13. Qf3 d5 14. Re1 Re8 15. Nf1 Qd6 16. Ng3 Bc8 17. h3 c6 18. exd5 Nfxd5 19. Ne4 Qd8 20. c4 Nf4 21. axb5 cxb5 22. Bxf4 exf4 23. c5 Ba5 24. Nd6 Bxe1 25. Qxa8 Bxf2+ 26. Kxf2 Rf8 27. Qe4 Qc7 28. d4 b4 29. Re1 Nc6 30. Ng6 Rd8 31. Qxc6 Qxc6 32. Ne7+ Kf8 33. Nxc6 Rxd6 34. cxd6 1-0

[Event "Turkish Youth Championship 2024"]
[Site "Samsun"]
[Date "2024.05.18"]
[Round "1"]
[White "Tirpan, Ceren"]
[Black "Acikgoz, Ayse Naz"]
[Result "1-0"]
[ECO "D08"]
[WhiteElo "2004"]
[BlackElo "1414"]
[Annotator "RC"]
[PlyCount "107"]
[EventDate "2024.05.18"]
[EventType "swiss"]
[EventCountry "TUR"]
[SourceTitle "playchess.com"]
[Source "ChessBase"]
[SourceQuality "1"]
[TimeControl "5400+30"]

1. d4 d5 2. c4 e5 3. dxe5 d4 4. Nf3 Bb4+ 5. Nbd2 Nc6 6. a3 Bxd2+ 7. Bxd2 Bg4 8. Qb3 Nge7 9. O-O-O a5 10. h3 Bh5 11. Bg5 O-O 12. e3 a4 13. Qc2 Bg6 14. Bd3 Bxd3 15. Rxd3 Qe8 16. exd4 Ng6 17. Re1 Qd7 18. d5 Nce7 19. e6 Qe8 20. exf7+ Qxf7 21. Bxe7 Nxe7 22. Rde3 Ng6 23. Ng5 Qf6 24. Ne6 Rf7 25. g3 Re8 26. f4 Rfe7 27. Qc3 Qxc3+ 28. Rxc3 Nf8 29. f5 Nd7 30. Rce3 Nb6 31. Re4 Nc8 32. Nc5 Rxe4 33. Rxe4 Rxe4 34. Nxe4 b6 35. Kc2 Kf7 36. Kc3 Ne7 37. g4 g6 38. Ng5+ Kg7 39. Ne6+ Kf6 40. fxg6 Nxg6 41. Nxc7 Nf4 42. Na8 Nxh3 43. Nxb6 Ng5 44. c5 Ke7 45. Kd4 Nf7 46. Nxa4 Kd7 47. Nb6+ Kc7 48. d6+ Kc6 49. Nd5 Nd8 50. Ne7+ Kd7 51. Kd5 Nf7 52. c6+ Kd8 53. c7+ Kd7 54. c8=Q# 1-0

[Event "Turkish Youth Championship 2024"]
[Site "Samsun"]
[Date "2024.05.18"]
[Round "1"]
[White "Zerey, Demhat"]
[Black "Unlu, Mustafa Yigit"]
[Result "1-0"]
[ECO "A48"]
[WhiteElo "1986"]
[BlackElo "1409"]
[Annotator "RC"]
[PlyCount "65"]
[EventDate "2024.05.18"]
[EventType "swiss"]
[EventCountry "TUR"]
[SourceTitle "playchess.com"]
[Source "ChessBase"]
[SourceQuality "1"]
[TimeControl "5400+30"]

1. d4 Nf6 2. Bf4 g6 3. e3 Bg7 4. Nf3 d6 5. h3 Nc6 6. Be2 Bd7 7. O-O O-O 8. c4 a6 9. Nc3 Re8 10. d5 Na7 11. a4 Rb8 12. e4 c6 13. e5 Nh5 14. Be3 Nc8 15. g4 dxe5 16. gxh5 Bxh3 17. Re1 Qd7 18. Ng5 Bf5 19. dxc6 Qxc6 20. Bf3 Qd6 21. c5 Qxd1 22. Raxd1 h6 23. Nge4 gxh5 24. Bxh5 Bxe4 25. Nxe4 e6 26. Rd7 Rf8 27. Nd6 Nxd6 28. cxd6 e4 29. Rc1 Bxb2 30. Rcc7 b5 31. axb5 axb5 32. Bxf7+ Kh8 33. Bxe6 1-0

[Event "Turkish Youth Championship 2024"]
[Site "Samsun"]
[Date "2024.05.18"]
[Round "1"]
[White "Turgut, Hakan"]
[Black "Yaldiz, Goktug Efe"]
[Result "1-0"]
[ECO "B10"]
[WhiteElo "1954"]
[BlackElo "1429"]
[Annotator "RC"]
[PlyCount "76"]
[EventDate "2024.05.18"]
[EventType "swiss"]
[EventCountry "TUR"]
[SourceTitle "playchess.com"]
[Source "ChessBase"]
[SourceQuality "1"]
[TimeControl "5400+30"]

1. e4 c6 2. d3 d5 3. Nd2 dxe4 4. dxe4 e5 5. Ngf3 Bg4 6. Bc4 Nf6 7. Bxf7+ Ke7 8. Bc4 Nbd7 9. h3 Bh5 10. b3 Qc7 11. Bb2 Re8 12. g4 Bg6 13. Qe2 Kd8 14. Nh4 Bc5 15. Nxg6 hxg6 16. Bf7 Ref8 17. Bxg6 Rh6 18. Bf5 g6 19. Be6 Nh7 20. O-O-O Rxf2 21. Qd3 Nhf8 22. g5 Rh8 23. Bg4 Qd6 24. Qxd6 Bxd6 25. Nc4 Be7 26. Nxe5 Bxg5+ 27. Kb1 Rh7 28. Bd4 Rd2 29. Nf3 Rxd1+ 30. Rxd1 Bf4 31. Bxa7 Kc7 32. Bd4 Re7 33. e5 Bxe5 34. Nxe5 Nxe5 35. Bc5 Rf7 36. Bd6+ Kb6 37. Bxe5 Re7 38. Bd6 Re8 1-0

[Event "Turkish Youth Championship 2024"]
[Site "Samsun"]
[Date "2024.05.18"]
[Round "1"]
[White "Yildiz, Fatma Sena"]
[Black "Kilic, Nurullah"]
[Result "0-1"]
[ECO "C55"]
[WhiteElo "1486"]
[BlackElo "1893"]
[Annotator "NA RC"]
[PlyCount "136"]
[EventDate "2024.05.18"]
[EventType "swiss"]
[EventCountry "TUR"]
[SourceTitle "playchess.com"]
[Source "ChessBase"]
[SourceQuality "1"]
[TimeControl "5400+30"]

1. e4 e5 2. Nf3 Nc6 3. Bc4 Nf6 4. d3 Be7 5. Nc3 d6 6. h3 h6 7. O-O O-O 8. Re1 Kh8 9. d4 exd4 10. Nxd4 Ne5 11. Bb3 Ng8 12. Bf4 Ng6 13. Bg3 Bh4 14. Qd3 Bxg3 15. Qxg3 N8e7 16. Nd5 f5 17. exf5 Bxf5 18. Nxe7 Nxe7 19. Ne6 Bxe6 20. Rxe6 Nf5 21. Qc3 Qh4 22. g4 Qg5 23. f4 Qxf4 24. gxf5 Rxf5 25. Rg6 Rg5+ 26. Rxg5 Qxg5+ 27. Kh1 Rf8 28. Rg1 Qe7 29. Qg3 Qe4+ 30. Qg2 Qe5 31. Qg3 Qxb2 32. c3 g5 33. Qd3 Qf2 34. Qd4+ Qxd4 35. cxd4 Rf4 36. Re1 Rxd4 37. Re8+ Kg7 38. Re7+ Kf6 39. Rxc7 Rb4 40. Rh7 Ke5 41. Rxh6 d5 42. Rg6 Kf5 43. Rd6 d4 44. Kg2 Ke4 45. Kf2 d3 46. Ke1 a5 47. Kd2 a4 48. Bg8 Rb2+ 49. Kd1 b5 50. Bh7+ Ke5 51. Rxd3 Rxa2 52. Re3+ Kd4 53. Re4+ Kc3 54. Re3+ Kb2 55. Ke2 b4 56. Kf3 Ra3 57. Bd3 Rc3 58. Re2+ Kb3 59. Ke4 a3 60. Bb1 Rxh3 61. Ba2+ Kc3 62. Rg2 b3 63. Bb1 Rh1 64. Rg3+ Kb4 65. Bd3 a2 66. Rxg5 a1=Q 67. Rb5+ Kc3 68. Rc5+ Kb2 0-1

[Event "Turkish Youth Championship 2024"]
[Site "Samsun"]
[Date "2024.05.18"]
[Round "1"]
[White "Bakirci, Hazar"]
[Black "Dogan, Umut Anil"]
[Result "0-1"]
[ECO "A44"]
[WhiteElo "1434"]
[BlackElo "1959"]
[Annotator "RC"]
[PlyCount "98"]
[EventDate "2024.05.18"]
[EventType "swiss"]
[EventCountry "TUR"]
[SourceTitle "playchess.com"]
[Source "ChessBase"]
[SourceQuality "1"]
[TimeControl "5400+30"]

1. d4 c5 2. d5 e5 3. e4 d6 4. Nf3 Nf6 5. Bd3 Be7 6. O-O c4 7. Bxc4 Nxe4 8. Re1 f5 9. Nbd2 Nxd2 10. Bxd2 Nd7 11. Bb5 O-O 12. Bxd7 Bxd7 13. c4 Be8 14. Qb3 Rb8 15. Re3 f4 16. Re4 Bg6 17. Re2 b6 18. Rae1 Bf6 19. Bb4 e4 20. Nd2 a5 21. Bc3 Bxc3 22. Qxc3 f3 23. Re3 Qg5 24. g3 Qh5 25. h4 Qg4 26. Rxe4 Bxe4 27. Rxe4 Qg6 28. Re6 Qf5 29. Rxd6 Rbe8 30. Re6 Rxe6 31. dxe6 Qxe6 32. Nxf3 Qe2 33. Kg2 Rf6 34. a3 a4 35. Qe3 Qxc4 36. Ne5 Qd5+ 37. Kf1 Re6 38. f4 Qd1+ 39. Kf2 Rd6 40. Nf3 Qc2+ 41. Kg1 Rd1+ 42. Ne1 Qc5 43. Qxc5 bxc5 44. Kf2 Rd2+ 45. Kf3 Rxb2 46. Nd3 Rb3 47. Ke4 c4 48. Nc5 Rxg3 49. Nxa4 c3 0-1

[Event "Turkish Youth Championship 2024"]
[Site "Samsun"]
[Date "2024.05.18"]
[Round "1"]
[White "Yaman, Arya"]
[Black "Topuz, Mirac Melih"]
[Result "0-1"]
[ECO "B22"]
[WhiteElo "1414"]
[BlackElo "2079"]
[Annotator "RC"]
[PlyCount "90"]
[EventDate "2024.05.18"]
[EventType "swiss"]
[EventCountry "TUR"]
[SourceTitle "playchess.com"]
[Source "ChessBase"]
[SourceQuality "1"]
[TimeControl "5400+30"]

1. e4 c5 2. Nf3 e6 3. d4 cxd4 4. Nxd4 Nc6 5. c4 Nf6 6. Nc3 Bb4 7. Nxc6 bxc6 8. Bd3 d5 9. cxd5 exd5 10. exd5 O-O 11. O-O cxd5 12. a3 Be7 13. Re1 h6 14. Bf4 Bd6 15. Bxd6 Qxd6 16. h3 Bb7 17. Qb3 Bc6 18. Rad1 Rab8 19. Qc2 Rfe8 20. b4 Rbd8 21. Rc1 Rxe1+ 22. Rxe1 d4 23. Ne4 Bxe4 24. Bxe4 d3 25. Qd2 Re8 26. Bf3 Rxe1+ 27. Qxe1 d2 28. Qd1 Qd3 29. Qe2 Qxe2 30. Bxe2 Ne4 31. Kf1 Nc3 32. a4 Nxa4 33. b5 Nc3 34. f3 d1=Q+ 35. Bxd1 Nxd1 36. Ke1 Nc3 37. Kd2 Nxb5 38. Kc2 a5 39. Kb3 Nd4+ 40. Ka4 Nc6 41. Kb5 f5 42. f4 Kf7 43. g3 g5 44. Ka4 h5 45. fxg5 h4 0-1

[Event "Turkish Youth Championship 2024"]
[Site "Samsun"]
[Date "2024.05.19"]
[Round "2"]
[White "Topuz, Mirac Melih"]
[Black "Toptal, Uygar Altan"]
[Result "1-0"]
[ECO "A84"]
[WhiteElo "2079"]
[BlackElo "1679"]
[Annotator "RC"]
[PlyCount "38"]
[EventDate "2024.05.18"]
[EventType "swiss"]
[EventCountry "TUR"]
[SourceTitle "playchess.com"]
[Source "ChessBase"]
[SourceQuality "1"]
[TimeControl "5400+30"]

1. d4 d5 2. c4 c6 3. Nf3 e6 4. Qc2 f5 5. Bf4 Nf6 6. Nbd2 Be7 7. e3 O-O 8. Be2 Ne4 9. h4 Nd7 10. Nxe4 fxe4 11. Nd2 c5 12. dxc5 Nxc5 13. Bg3 Qb6 14. O-O Bd7 15. Rfd1 Bf6 16. Rab1 Rfd8 17. b4 Na4 18. c5 Rac8 19. Nc4 Nxc5 1-0

[Event "Turkish Youth Championship 2024"]
[Site "Samsun"]
[Date "2024.05.19"]
[Round "2"]
[White "Danaci, Ege"]
[Black "Bilgi, Ali Erdem"]
[Result "1-0"]
[ECO "A41"]
[WhiteElo "2031"]
[BlackElo "1642"]
[Annotator "RC"]
[PlyCount "83"]
[EventDate "2024.05.18"]
[EventType "swiss"]
[EventCountry "TUR"]
[SourceTitle "playchess.com"]
[Source "ChessBase"]
[SourceQuality "1"]
[TimeControl "5400+30"]

1. d4 d6 2. c4 e5 3. d5 g6 4. e4 a5 5. Nc3 Bd7 6. Bd3 Na6 7. Nge2 Bh6 8. O-O Bxc1 9. Rxc1 Nf6 10. a3 Qe7 11. Rb1 O-O 12. b4 axb4 13. axb4 Nh5 14. Qd2 Kh8 15. Nd1 f5 16. exf5 gxf5 17. f4 e4 18. Bc2 Qg7 19. Ne3 Rae8 20. Nd4 Qf6 21. Bd1 Qg6 22. Bxh5 Qxh5 23. Qc3 Kg8 24. c5 Qf7 25. c6 bxc6 26. dxc6 Be6 27. Ra1 Nb8 28. Ra7 h5 29. Rfa1 Rc8 30. R1a5 Qg7 31. Qd2 Qg6 32. b5 Rf7 33. Ra3 Rff8 34. Nxe6 Qxe6 35. Nd5 Rf7 36. Rg3+ Kh7 37. Qe2 Kh8 38. Qxh5+ Rh7 39. Qg5 e3 40. Rxc7 Rf8 41. Rxh7+ Kxh7 42. Qg7# 1-0

[Event "Turkish Youth Championship 2024"]
[Site "Samsun"]
[Date "2024.05.19"]
[Round "2"]
[White "Buyuk, Eymen Eren"]
[Black "Cecen, Kuay Kam"]
[Result "1-0"]
[ECO "A40"]
[WhiteElo "1999"]
[BlackElo "1642"]
[Annotator "RC"]
[PlyCount "115"]
[EventDate "2024.05.18"]
[EventType "swiss"]
[EventCountry "TUR"]
[SourceTitle "playchess.com"]
[Source "ChessBase"]
[SourceQuality "1"]
[TimeControl "5400+30"]

1. d4 c6 2. c4 b5 3. e3 bxc4 4. Bxc4 Ba6 5. Bxa6 Qa5+ 6. Bd2 Qxa6 7. Ne2 g6 8. O-O Bg7 9. Nbc3 Nf6 10. b4 Qb7 11. a4 O-O 12. Qc2 Na6 13. Rfb1 Nc7 14. Nc1 Ncd5 15. Nxd5 Nxd5 16. e4 Nc7 17. Nb3 Ne6 18. Bc3 f5 19. e5 Qc7 20. Re1 Rab8 21. Qd2 Qb7 22. Rad1 Nc7 23. Nc5 Qc8 24. Qa2+ e6 25. Bd2 h6 26. Rb1 a6 27. Qc4 Rb6 28. Rb3 Kh7 29. Rh3 Rf7 30. b5 cxb5 31. Qc1 h5 32. axb5 Nxb5 33. Nxe6 Qxc1 34. Ng5+ Kg8 35. Bxc1 Rf8 36. Rb3 Rbb8 37. Nf3 Nc7 38. Ra3 Rb6 39. Bd2 Nb5 40. Rb3 Rbb8 41. Ra1 Ra8 42. h4 Rfc8 43. Bf4 Kf7 44. Kh2 Ke6 45. Be3 Kf7 46. d5 Re8 47. Kg3 Nc7 48. Rb7 Nxd5 49. Rxd7+ Ne7 50. Bc5 Bh8 51. Rb1 Rad8 52. Ng5+ Kg8 53. Rxd8 Rxd8 54. Bxe7 Bxe5+ 55. f4 Rd3+ 56. Nf3 Bc7 57. Rb7 Rd7 58. Bd6 1-0

[Event "Turkish Youth Championship 2024"]
[Site "Samsun"]
[Date "2024.05.19"]
[Round "2"]
[White "Ilgaz, Yusuf Kerem"]
[Black "Duygulu, Ugur"]
[Result "1-0"]
[ECO "B10"]
[WhiteElo "1964"]
[BlackElo "1585"]
[Annotator "RC"]
[PlyCount "55"]
[EventDate "2024.05.18"]
[EventType "swiss"]
[EventCountry "TUR"]
[SourceTitle "playchess.com"]
[Source "ChessBase"]
[SourceQuality "1"]
[TimeControl "5400+30"]

1. e4 c6 2. d3 d5 3. Nf3 g6 4. e5 Bg7 5. d4 Bg4 6. Nbd2 e6 7. h3 Bxf3 8. Nxf3 Nd7 9. h4 h5 10. Bd3 c5 11. c3 cxd4 12. cxd4 Ne7 13. O-O Qb6 14. Be3 Nf5 15. Bxf5 gxf5 16. Qd2 O-O-O 17. a4 a6 18. Ng5 Rdf8 19. Qd3 Bh6 20. Ra3 Nb8 21. b4 Bxg5 22. Bxg5 Kd7 23. b5 Rc8 24. Rb1 a5 25. Rc3 Rxc3 26. Qxc3 Rc8 27. Qa3 Re8 28. Rc1 1-0

[Event "Turkish Youth Championship 2024"]
[Site "Samsun"]
[Date "2024.05.19"]
[Round "2"]
[White "Dogan, Umut Anil"]
[Black "Incecinar, Abdullah Mete"]
[Result "1/2-1/2"]
[ECO "A37"]
[WhiteElo "1959"]
[BlackElo "1643"]
[Annotator "RC"]
[PlyCount "95"]
[EventDate "2024.05.18"]
[EventType "swiss"]
[EventCountry "TUR"]
[SourceTitle "playchess.com"]
[Source "ChessBase"]
[SourceQuality "1"]
[TimeControl "5400+30"]

1. c4 c5 2. Nc3 Nc6 3. g3 g6 4. Bg2 Bg7 5. Nf3 d6 6. O-O e6 7. a3 Nge7 8. b4 cxb4 9. axb4 Nxb4 10. Ba3 Nbc6 11. Nb5 Nf5 12. e4 a6 13. exf5 axb5 14. Bb2 Rxa1 15. Qxa1 e5 16. cxb5 Ne7 17. d4 e4 18. d5 Bxb2 19. Qxb2 O-O 20. Ng5 gxf5 21. Qd4 Ng6 22. h4 h6 23. Nh3 Bd7 24. b6 Qe7 25. Qe3 Kh7 26. f3 Qe5 27. h5 Ne7 28. fxe4 Nxd5 29. Qf3 Nxb6 30. exf5 Bc6 31. Qf2 Bxg2 32. Kxg2 Nc4 33. Re1 Qd5+ 34. Qf3 Qxf3+ 35. Kxf3 Ne5+ 36. Ke4 Rg8 37. Rg1 b5 38. Nf4 b4 39. Rb1 Rb8 40. Kd4 Nf3+ 41. Ke3 Ne5 42. Kd4 Rb5 43. f6 Nc6+ 44. Kd3 Rc5 45. Rb3 Rb5 46. Kc4 Rc5+ 47. Kd3 Rg5 48. Kc4 1/2-1/2

[Event "Turkish Youth Championship 2024"]
[Site "Samsun"]
[Date "2024.05.19"]
[Round "2"]
[White "Ozgun, Yigit Deniz"]
[Black "Kozan, Hayreddin"]
[Result "1-0"]
[ECO "A06"]
[WhiteElo "1917"]
[BlackElo "1600"]
[Annotator "RC"]
[PlyCount "67"]
[EventDate "2024.05.18"]
[EventType "swiss"]
[EventCountry "TUR"]
[SourceTitle "playchess.com"]
[Source "ChessBase"]
[SourceQuality "1"]
[TimeControl "5400+30"]

1. Nf3 d5 2. b3 c5 3. e3 f6 4. d4 cxd4 5. exd4 Nc6 6. Bb2 Bg4 7. Be2 e6 8. O-O Bd6 9. h3 Bh5 10. Re1 Nge7 11. c4 O-O 12. Nc3 Qd7 13. a3 a6 14. b4 Bxf3 15. Bxf3 dxc4 16. d5 Ne5 17. dxe6 Qxe6 18. Bxb7 Ra7 19. Be4 Rd7 20. f4 f5 21. Bc2 Bc5+ 22. bxc5 Rxd1 23. Raxd1 Nf3+ 24. gxf3 Qc6 25. Kh2 Qxc5 26. Rd2 Ng6 27. Nd5 Nxf4 28. Nxf4 c3 29. Bb3+ Kh8 30. Ne6 Qb6 31. Bxc3 Qxb3 32. Bxg7+ Kg8 33. Bxf8 Qxf3 34. Rg2+ 1-0

[Event "Turkish Youth Championship 2024"]
[Site "Samsun"]
[Date "2024.05.19"]
[Round "2"]
[White "Kilic, Nurullah"]
[Black "Kesici, Eyup Can"]
[Result "1-0"]
[ECO "B01"]
[WhiteElo "1893"]
[BlackElo "1539"]
[Annotator "NA RC"]
[PlyCount "53"]
[EventDate "2024.05.18"]
[EventType "swiss"]
[EventCountry "TUR"]
[SourceTitle "playchess.com"]
[Source "ChessBase"]
[SourceQuality "1"]
[TimeControl "5400+30"]

1. e4 d5 2. exd5 Qxd5 3. Nc3 Qa5 4. d4 Nf6 5. Bc4 c6 6. Bd2 Bf5 7. Nd5 Qd8 8. Nxf6+ gxf6 9. Nf3 e6 10. c3 {[%emt 0:02:30] 10.0-0 gains popularity.} Nd7 11. Nh4 {[%emt 0:05:30] B01: Scandinavian Defence.} Be4 12. Qe2 f5 13. Nf3 Rg8 14. g3 Nb6 $146 ({Predecessor:} 14... Nf6 15. O-O-O Qa5 16. Rhe1 Bxf3 17. Qxf3 O-O-O 18. Kb1 Nd5 19. Qh5 Rg7 20. Bb3 Nf6 {1-0 Teuschler,H (2042)-Schieder,J (2069) Steyr Landesliga 1112 2011 (3.4)}) 15. Bb3 a5 16. a3 a4 17. Ba2 Bd5 18. c4 Bxf3 19. Qxf3 Qxd4 20. Be3 Qxb2 21. O-O Nd7 22. Rfd1 Bxa3 $4 ({But not} 22... Qxa3 23. c5 Qb4 (23... Nxc5 $2 {perishes.} 24. Bd5 $18) (23... Bxc5 $2 {is the wrong capture.} 24. Bxe6 fxe6 25. Rxa3 $18) 24. Qe2 $17) (22... O-O-O $19 {and life is good for Black.} 23. Bd4 Qxa3) 23. Bd4 Qb4 24. Rab1 Qf8 (24... Qa5 $142 25. Rxb7 (25. Qxa3 Qc7 $18) 25... Qa6) 25. Rxb7 Rd8 26. Bb6 Nxb6 27. Qxc6+ 1-0

[Event "Turkish Youth Championship 2024"]
[Site "Samsun"]
[Date "2024.05.19"]
[Round "2"]
[White "Ekinci, Berkay"]
[Black "Engel, Ecrin Tuana"]
[Result "1-0"]
[ECO "A68"]
[WhiteElo "1891"]
[BlackElo "1575"]
[Annotator "NA RC"]
[PlyCount "45"]
[EventDate "2024.05.18"]
[EventType "swiss"]
[EventCountry "TUR"]
[SourceTitle "playchess.com"]
[Source "ChessBase"]
[SourceQuality "1"]
[TimeControl "5400+30"]

1. d4 Nf6 2. c4 c5 3. d5 e6 4. Nc3 exd5 5. cxd5 d6 6. e4 g6 7. f4 Bg7 8. Nf3 O-O 9. Bd3 a6 10. a4 Nbd7 11. O-O Qc7 12. Bc2 {[%emt 0:09:30] A68: Modern Benoni: Four Pawns Attack without 9...Re8.} Rb8 13. e5 Ne8 14. e6 Ndf6 15. f5 gxf5 16. Bxf5 fxe6 17. dxe6 b5 18. axb5 axb5 19. Ng5 b4 $18 (19... Bb7 $142 20. Qe1 (20. Nxb5 Qe7 $18) 20... Qe7) 20. Nd5 Nxd5 21. Bxh7+ Kh8 22. Rxf8+ Bxf8 23. Nf7+ 1-0

[Event "Turkish Youth Championship 2024"]
[Site "Samsun"]
[Date "2024.05.19"]
[Round "2"]
[White "Cicek, Bilal Emre"]
[Black "Ozturk, Ahmet Emir"]
[Result "1-0"]
[ECO "A23"]
[WhiteElo "1873"]
[BlackElo "1581"]
[Annotator "NA RC"]
[PlyCount "63"]
[EventDate "2024.05.18"]
[EventType "swiss"]
[EventCountry "TUR"]
[SourceTitle "playchess.com"]
[Source "ChessBase"]
[SourceQuality "1"]
[TimeControl "5400+30"]

1. c4 e5 2. g3 Nf6 3. Bg2 c6 4. d4 exd4 5. Qxd4 d5 6. cxd5 Be6 7. Nc3 cxd5 8. Bg5 Nbd7 9. Nf3 Bc5 10. Qd3 a6 11. O-O h6 12. Be3 O-O 13. Rac1 Rc8 14. Bd4 Qe7 15. Rfd1 Rfd8 16. e3 Bxd4 17. Nxd4 Nc5 $14 18. Qb1 Bg4 19. Rd2 Nce4 20. Rdc2 Nxc3 21. Rxc3 Qd7 22. Rc5 g6 23. b4 b6 24. Rc6 Kg7 25. Rxb6 Bf5 26. Nxf5+ Qxf5 27. Rxa6 Ng4 28. Qb2+ Kg8 29. Rac6 Rb8 30. R6c2 Ne5 31. Qd4 Nd3 32. g4 1-0

[Event "Turkish Youth Championship 2024"]
[Site "Samsun"]
[Date "2024.05.19"]
[Round "2"]
[White "Hamurcu, Mehmet"]
[Black "Aygin, Kerem"]
[Result "1-0"]
[ECO "B22"]
[WhiteElo "1832"]
[BlackElo "1522"]
[Annotator "NA RC"]
[PlyCount "43"]
[EventDate "2024.05.18"]
[EventType "swiss"]
[EventCountry "TUR"]
[SourceTitle "playchess.com"]
[Source "ChessBase"]
[SourceQuality "1"]
[TimeControl "5400+30"]

1. e4 c5 2. c3 Nf6 3. e5 Nd5 4. d4 cxd4 5. Bc4 Nb6 6. Bb3 dxc3 {[%emt 0:08:30] B22: Sicilian: 2 c3.} 7. Nxc3 a6 8. Nf3 e6 9. Bf4 Be7 10. O-O Nc6 11. Qe2 g5 12. Be3 Na5 13. Ne4 Nxb3 14. Bxg5 Nd4 15. Nxd4 Bxg5 16. Nd6+ Kf8 17. Qh5 Qe7 18. f4 Bf6 19. Kh1 Nd5 20. f5 $18 (20. exf6 $2 {is the wrong capture.} Qxd6 21. f5 (21. Qh6+ $2 Ke8 $19) 21... h6 (21... Nxf6 22. Qh6+ Ke7 23. fxe6 $11) 22. fxe6 dxe6 $19) (20. Rac1 $142 h6 21. Nxc8) 20... Bxe5 21. fxe6 f6 22. Qxe5 1-0

[Event "Turkish Youth Championship 2024"]
[Site "Samsun"]
[Date "2024.05.19"]
[Round "2"]
[White "Zengin, Ovgu"]
[Black "Cilek, Bora"]
[Result "0-1"]
[ECO "B73"]
[WhiteElo "1664"]
[BlackElo "2246"]
[Annotator "RC"]
[PlyCount "80"]
[EventDate "2024.05.18"]
[EventType "swiss"]
[EventCountry "TUR"]
[SourceTitle "playchess.com"]
[Source "ChessBase"]
[SourceQuality "1"]
[TimeControl "5400+30"]

1. e4 c5 2. Nf3 d6 3. d4 cxd4 4. Nxd4 Nf6 5. Nc3 Nc6 6. Be2 g6 7. O-O Bg7 8. Be3 O-O 9. Qd2 Bd7 10. f3 Rc8 11. Rad1 a6 12. Nxc6 Bxc6 13. Qe1 Nd7 14. Qf2 Bxc3 15. bxc3 Qa5 16. Bd3 Bb5 17. Qh4 Rfe8 18. Qh6 Bxd3 19. Rxd3 Ne5 20. Bd4 f6 21. Bxe5 Qxe5 22. Qe3 Rc4 23. Rb1 b5 24. Rb3 Rec8 25. Rd5 Qe6 26. g4 Kg7 27. Kf2 R8c5 28. Rxc5 Rxc5 29. a3 Qe5 30. f4 Qe6 31. h3 h5 32. Kf3 g5 33. a4 hxg4+ 34. hxg4 gxf4 35. Qxf4 bxa4 36. Ra3 Qc4 37. Qe3 Qf1+ 38. Qf2 Qc1 39. Ra2 Rxc3+ 40. Kg2 a3 0-1

[Event "Turkish Youth Championship 2024"]
[Site "Samsun"]
[Date "2024.05.19"]
[Round "2"]
[White "Latifoglu, Ali Emir"]
[Black "Atis, Hasan"]
[Result "0-1"]
[ECO "B40"]
[WhiteElo "1641"]
[BlackElo "2014"]
[Annotator "RC"]
[PlyCount "64"]
[EventDate "2024.05.18"]
[EventType "swiss"]
[EventCountry "TUR"]
[SourceTitle "playchess.com"]
[Source "ChessBase"]
[SourceQuality "1"]
[TimeControl "5400+30"]

1. e4 c5 2. Nf3 e6 3. g3 Nc6 4. Bg2 Nf6 5. Nc3 Be7 6. O-O e5 7. Nd5 d6 8. Nxf6+ Bxf6 9. c4 O-O 10. d3 Be7 11. Bd2 f5 12. a3 Be6 13. Qc1 h6 14. b4 fxe4 15. dxe4 b6 16. b5 Nd4 17. Nxd4 cxd4 18. Re1 Rc8 19. Bf1 Qe8 20. f4 Qf7 21. f5 Bxc4 22. Qb2 d5 23. Bg2 Bd3 24. Qb3 dxe4 25. Qxf7+ Kxf7 26. Bxe4 Bxb5 27. Bd5+ Kf6 28. Be6 Rc2 29. Bb4 Bc5 30. Bxc5 bxc5 31. Rac1 Bd3 32. g4 e4 0-1

[Event "Turkish Youth Championship 2024"]
[Site "Samsun"]
[Date "2024.05.19"]
[Round "2"]
[White "Ergin, Hasan Kaan"]
[Black "Turgut, Hakan"]
[Result "1-0"]
[ECO "C88"]
[WhiteElo "1632"]
[BlackElo "1954"]
[Annotator "RC"]
[PlyCount "86"]
[EventDate "2024.05.18"]
[EventType "swiss"]
[EventCountry "TUR"]
[SourceTitle "playchess.com"]
[Source "ChessBase"]
[SourceQuality "1"]
[TimeControl "5400+30"]

1. e4 e5 2. Nf3 Nc6 3. Bb5 a6 4. Ba4 Nf6 5. O-O Be7 6. Re1 b5 7. Bb3 O-O 8. h3 Bb7 9. d3 d6 10. a4 Na5 11. Ba2 bxa4 12. Bd2 c5 13. Bxa5 Qxa5 14. Bb3 Qc7 15. Rxa4 Nd7 16. Nfd2 Nb6 17. Ra1 Kh8 18. Nc4 f5 19. Nc3 Bh4 20. Qh5 Nxc4 21. Qxh4 Nb6 22. Be6 g6 23. Qg5 Rae8 24. Qh6 Qe7 25. Nd5 Qxe6 26. Nxb6 Qe7 27. Nd5 Bxd5 28. exd5 f4 29. Rxa6 Rf5 30. g4 fxg3 31. fxg3 Qf7 32. Raa1 Rf8 33. Qd2 Rf2 34. Re2 Rf3 35. Kh2 Qxd5 36. c4 Qd4 37. Kg2 Rxd3 38. Qc2 e4 39. Rf1 Rff3 40. Qa4 Rxg3+ 41. Kh1 Rxh3+ 42. Rh2 Rxh2+ 43. Kxh2 Qxb2+ 1-0